 Dungeon Crawl Stone Soup version 0.14-a0-2100-g3cf34dd (webtiles) character file.

234 Leibowitz the Ducker (level 5, -5/39 HPs)
             Began as a Merfolk Gladiator on Jan 26, 2014.
             Slain by a worker ant (7 damage)
             ... on Level 4 of the Dungeon.
             The game lasted 00:07:12 (1977 turns).

Leibowitz the Ducker (Merfolk Gladiator)            Turns: 1977, Time: 00:07:12

HP  -5/39        AC  7     Str 15      XL: 5   Next: 19%
MP   5/5         EV 14     Int  8      God:
Gold 98          SH  0     Dex 15      Spells:  0 memorised,  4 levels left

rFire  . . .     SeeInvis .     a - +0 trident
rCold  . . .     Clarity  .     b - +0 leather armour
rNeg   . . .     Conserve .     (no shield)
rPois  .         rCorr    .     c - +0 helmet
rElec  .         rRot     .     (no cloak)
SustAb . .       Spirit   .     j - +1 pair of dwarf gloves
rMut   .         Warding  .     h - +0 pair of boots
Saprov . . .     Stasis   .     (no amulet)
MR     .....                    (no ring)
                                (no ring)

@: mildly poisoned, not resistant to hostile enchantments, unstealthy
A: change form in water, swift swim
a: no special abilities


You were on level 4 of the Dungeon.
You were not hungry.

You visited 1 branch of the dungeon, and saw 4 of its levels.

You collected 98 gold pieces.

Inventory:

Hand weapons
 a - a +0,+0 trident (weapon)
Missiles
 d - 3 throwing nets (quivered)
Armour
 b - a +0 leather armour (worn)
 c - a +0 helmet (worn)
 h - a +0 pair of boots (worn)
 j - a +1 pair of dwarven gloves (worn)
Comestibles
 f - a bread ration
 g - an apple
 o - a pear
Scrolls
 e - 2 scrolls of enchant armour {unknown}
 i - a scroll of recharging {unknown}
 l - 3 scrolls of identify {unknown}
 n - a scroll of magic mapping {unknown}
 p - a scroll of fear {unknown}
 q - a scroll of blinking {unknown}
 r - a scroll of curse jewellery {unknown}
 s - a scroll of enchant weapon II {unknown}
 t - a scroll of random uselessness {unknown}
 u - a scroll of teleportation {unknown}
 v - a scroll of fog {unknown}
Books
 k - a Grand Grimoire {highlevel}

   This book is beyond your current level of understanding.

   Spells                             Type                      Level
   Demonic Horde                      Summoning                    6
   Mass Abjuration                    Summoning                    6
   Haunt                              Necromancy/Summoning         7
   Summon Greater Demon               Summoning                    7
   Malign Gateway                     Summoning/Translocation      7
   Summon Horrible Things             Summoning                    8


   Skills:
 * Level 2.7 Fighting
 + Level 5.2 Polearms
 - Level 2.0 Throwing
 + Level 1.1 Armour
 * Level 6.1 Dodging
 + Level 0.5 Stealth


You had 4 spell levels left.
You didn't know any spells.

Dungeon Overview and Level Annotations

Branches:
Dungeon (4/16)
 Temple: D:4-7

Altars:
Fedhas
The Shining One

Annotations:
D:3 acidapple's ghost, average FoFi


Message History

Your +0 leather armour unmelds from your body.
The worker ant barely misses you. The gnoll closely misses you.
You barely miss the worker ant.
The worker ant is moderately wounded.
The worker ant bites you but does no damage.
The gnoll hits you from afar with a spear.
* * * LOW HITPOINT WARNING * * *
You hit the worker ant.
The worker ant is moderately wounded.
The worker ant bites you.
* * * LOW HITPOINT WARNING * * *
You are poisoned.
The worker ant poisons you!
The worker ant bites you but does no damage.
The gnoll barely misses you.
You hit the worker ant.
The worker ant is heavily wounded.
* * * LOW HITPOINT WARNING * * *
You feel sick. The worker ant bites you!
You die...

... ........
#.......#
#.......#
#.?.....#
#.......#
#.......#
#...a.).#
#..g)@..#
......######
.?. .


You could see a worker ant and a gnoll.

Vanquished Creatures
  An orc wizard (D:3)
  A worker ant (D:4)
  2 gnolls (D:4)
  An adder (D:2)
  3 giant geckos
  An ooze (D:1)
  2 orcs (D:3)
  9 bats
  2 giant cockroaches
  7 hobgoblins
  3 jackals (D:3)
  6 giant newts
  4 goblins
  7 kobolds
  5 rats
54 creatures vanquished.

Notes
Turn   | Place    | Note
--------------------------------------------------------------
     0 | D:1      | Leibowitz, the Merfolk Gladiator, began the quest for the Orb.
     0 | D:1      | Reached XP level 1. HP: 16/16 MP: 1/1
   141 | D:1      | Reached XP level 2. HP: 16/22 MP: 2/2
   409 | D:1      | Reached skill level 5 in Dodging
   555 | D:1      | Reached XP level 3. HP: 27/27 MP: 3/3
  1255 | D:2      | Found a glowing golden altar of the Shining One.
  1256 | D:2      | Found a blossoming altar of Fedhas.
  1634 | D:3      | Reached skill level 5 in Polearms
  1705 | D:3      | Reached XP level 4. HP: 23/34 MP: 4/4
  1884 | D:3      | Noticed acidapple's ghost (average FoFi)
  1952 | D:4      | Reached skill level 1 in Armour
  1969 | D:4      | Reached skill level 6 in Dodging
  1969 | D:4      | Reached XP level 5. HP: 21/39 MP: 5/5
  1977 | D:4      | Slain by a worker ant

Action                   |  1- 3 |  4- 6 || total
-------------------------+-------+-------++-------
Melee: Trident           |   145 |    53 ||   198
  Use: Potion            |       |     1 ||     1
